 Dungeon Crawl Stone Soup version 0.23-a0-484-g29ba69c (webtiles) character file.

520 XanderDroid the Charlatan (level 7, -7/56 HPs)
             Began as a Gnoll Wanderer on Nov 30, 2018.
             Was an Initiate of Ashenzari.
             Mangled by Pikel
             ... wielding a +2 whip of electrocution
              (17 damage)
             ... on level 5 of the Dungeon.
             The game lasted 00:15:17 (5239 turns).

XanderDroid the Charlatan (Gnoll Wanderer)          Turns: 5239, Time: 00:15:18

Health: -7/56      AC:  9    Str: 25    XL:     7   Next: 21%
Magic:  0/10       EV: 11    Int: 14    God:    Ashenzari [......]
Gold:   262        SH:  0    Dex: 11    Spells: 10/10 levels left

rFire    . . .     SeeInvis .   a - +2 flail (crush)
rCold    . . .     Gourm    .   (no shield)
rNeg     . . .     Faith    .   j - +0 scale mail (curse)
rPois    .         Spirit   +   (no helmet)
rElec    .         Reflect  .   (no cloak)
rCorr    .         Harm     .   m - +0 pair of gloves
MR       .....                  c - +1 pair of boots
Stlth    +.........             q - amulet of guardian spirit
HPRegen  0.18/turn              (no ring)
MPRegen  0.12/turn              (no ring)

@: mighty
A: distributed training, fangs 1, strong nose
a: Curse Item, Renounce Religion


You were on level 5 of the Dungeon.
You worshipped Ashenzari.
Ashenzari was noncommittal.
You were hungry.

You visited 1 branch of the dungeon, and saw 5 of its levels.

You collected 262 gold pieces.

Inventory:

Hand Weapons
 a - a +2 flail of crushing (weapon)
 b - a +1 hunting sling of velocity
Missiles
 v - 20 sling bullets
Armour
 c - a +1 pair of boots (worn)
 j - a cursed +0 scale mail (worn)
 m - a +0 pair of gloves (worn)
Jewellery
 q - an amulet of guardian spirit (around neck)
Wands
 r - a wand of flame (28)
 A - a wand of polymorph (12)
Scrolls
 e - 3 scrolls of teleportation
 g - 3 scrolls of magic mapping
 h - a scroll of enchant weapon {unknown}
 k - a scroll of blinking
 l - 4 scrolls of remove curse
 s - a scroll of immolation
 u - a scroll of random uselessness {unknown}
 y - a scroll of fog {unknown}
 B - a scroll of fear {unknown}
Potions
 f - 2 potions of flight
 i - 2 potions of agility
 n - 2 potions of curing
 o - a potion of ambrosia
 p - a potion of cancellation {unknown}
 t - a potion of brilliance {unknown}
 x - a potion of might
 z - a potion of mutation {unknown}
Comestibles
 d - 6 rations
 w - 2 chunks of flesh


   Skills:
 + Level 5.1 Fighting
 + Level 2.3 Short Blades
 + Level 2.3 Long Blades
 + Level 2.3 Axes
 + Level 2.3 Maces & Flails
 + Level 2.3 Polearms
 + Level 3.5 Staves
 + Level 2.3 Slings
 + Level 2.3 Bows
 + Level 2.3 Crossbows
 + Level 2.3 Throwing
 + Level 2.3 Armour
 + Level 3.5 Dodging
 + Level 3.3 Stealth
 + Level 2.3 Shields
 + Level 2.3 Unarmed Combat
 + Level 2.3 Spellcasting
 + Level 2.8 Conjurations
 + Level 1.8 Hexes
 + Level 1.8 Charms
 + Level 1.8 Summonings
 + Level 4.2 Necromancy
 + Level 1.8 Translocations
 + Level 1.8 Transmutations
 + Level 1.8 Fire Magic
 + Level 1.8 Ice Magic
 + Level 1.8 Air Magic
 + Level 1.8 Earth Magic
 + Level 1.8 Poison Magic
 + Level 2.5 Invocations
 + Level 5.1 Evocations


You had 10 spell levels left.
You didn't know any spells.
Your spell library was empty.

Dungeon Overview and Level Annotations

Branches:
Dungeon (5/15)             Temple (0/1) D:5

Altars:
Ashenzari
Dithmenos
Elyvilon
Makhleb
Nemelex Xobeh
Qazlal
Trog
Yredelemnul
Zin

Shops:
D:4 [

Annotations:
D:5 Pikel


Innate Abilities, Weirdness & Mutations

Your experience applies equally to all skills.
You have very sharp teeth.
Your uncanny sense of smell can sniff out nearby items.


Message History

You are electrocuted!
You sock Pikel!
Pikel is heavily wounded.
Pikel hits you but does no damage.
You closely miss Pikel.
Pikel is heavily wounded.
Pikel hits you with a +2 whip of electrocution.
* * * LOW HITPOINT WARNING * * *
You closely miss Pikel.
Pikel is heavily wounded.
Pikel barely misses you.
You miss Pikel. You bite Pikel.
Pikel is severely wounded.
Pikel hits you but does no damage. Pikel closely misses you.
You barely miss Pikel. Your bite misses Pikel.
Pikel is severely wounded.
Pikel hits you with a +2 whip of electrocution!
* * * LOW HITPOINT WARNING * * *
You are electrocuted!
You die...

###########
#...<.....###########
#.###...............##########
#.# #.###.#########..........###
#.# #<# #.# ################.##.
#.# #.# #.# #..@Kp......# ##.##.
#.# #.# #.# #.#########.###...#.
#.# #.# #.###.#########.##......
#.###.###...........>..p........
#......p......###...............
#####.##.K..........###.#..###..
##.##....K.####..# #.#..# #..
##...##...#.# #..# #.#..###.#
#..#.....##.####..###.#......#


You could see Pikel and a slave.

Vanquished Creatures
  2 slaves (D:4)
  An ogre (D:4)
  A gnoll shaman (D:4)
  A hound (D:4)
  2 orc wizards (D:4)
  Natasha (twice) (D:3)
  3 worker ants
  9 gnolls
  An adder (D:2)
  A shadow imp (D:5)
  3 oozes
  A worm (D:2)
  3 dart slugs
  A leopard gecko (D:1)
  5 orcs
  3 giant cockroaches
  8 goblins
  7 hobgoblins
  3 jackals (D:1)
  2 quokkas (D:2)
  5 bats
  7 frilled lizards
  11 kobolds
  A leopard gecko skeleton (D:4)
  A leopard gecko zombie (D:5)
  4 rats
88 creatures vanquished.

Notes
Turn   | Place    | Note
-------+----------+-------------------------------------------
     0 | D:1      | XanderDroid the Gnoll Wanderer began the quest for the Orb.
     0 | D:1      | XanderDroid set off with the following items: a +2
                  | quarterstaff, 2 potions of curing, a +0 robe, a ration
     0 | D:1      | Reached XP level 1. HP: 20/20 MP: 3/3
    46 | D:1      | Reached XP level 2. HP: 23/26 MP: 5/5
   111 | D:1      | Reached XP level 3. HP: 26/31 MP: 6/6
   465 | D:1      | Reached skill level 1 in Invocations
   696 | D:2      | Reached skill level 1 in Short Blades
   696 | D:2      | Reached skill level 1 in Long Blades
   696 | D:2      | Reached skill level 1 in Axes
   696 | D:2      | Reached skill level 1 in Maces & Flails
   696 | D:2      | Reached skill level 1 in Polearms
   696 | D:2      | Reached skill level 1 in Slings
   696 | D:2      | Reached skill level 1 in Bows
   696 | D:2      | Reached skill level 1 in Crossbows
   696 | D:2      | Reached skill level 1 in Throwing
   696 | D:2      | Reached skill level 1 in Armour
   696 | D:2      | Reached skill level 1 in Shields
   696 | D:2      | Reached skill level 1 in Unarmed Combat
   696 | D:2      | Reached skill level 1 in Spellcasting
   779 | D:2      | Reached XP level 4. HP: 17/38 MP: 7/7
   783 | D:2      | Found a basalt altar of Yredelemnul.
   783 | D:2      | Found a sparkling altar of Nemelex Xobeh.
  1390 | D:2      | Found a glowing silver altar of Zin.
  1539 | D:3      | Noticed Natasha
  1557 | D:3      | Killed Natasha
  1557 | D:3      | Reached skill level 1 in Hexes
  1557 | D:3      | Reached skill level 1 in Charms
  1557 | D:3      | Reached skill level 1 in Summonings
  1557 | D:3      | Reached skill level 1 in Translocations
  1557 | D:3      | Reached skill level 1 in Transmutations
  1557 | D:3      | Reached skill level 1 in Fire Magic
  1557 | D:3      | Reached skill level 1 in Ice Magic
  1557 | D:3      | Reached skill level 1 in Air Magic
  1557 | D:3      | Reached skill level 1 in Earth Magic
  1557 | D:3      | Reached skill level 1 in Poison Magic
  1557 | D:3      | Reached XP level 5. HP: 12/43 MP: 8/8
  2019 | D:3      | Noticed Natasha
  2025 | D:3      | Killed Natasha
  2064 | D:3      | Found a stormy altar of Qazlal.
  2072 | D:3      | Found a bloodstained altar of Trog.
  2074 | D:3      | Found a shadowy altar of Dithmenos.
  2079 | D:3      | Found a shattered altar of Ashenzari.
  2083 | D:3      | Became a worshipper of Ashenzari the Shackled
  2619 | D:4      | Found Uraor's Armour Shop.
  2919 | D:4      | Reached XP level 6. HP: 45/50 MP: 7/9
  2969 | D:4      | Found a burning altar of Makhleb.
  3030 | D:4      | Found a white marble altar of Elyvilon.
  3516 | D:4      | Reached skill level 5 in Fighting
  3516 | D:4      | Reached skill level 5 in Evocations
  4025 | D:4      | Reached XP level 7. HP: 52/56 MP: 8/10
  4606 | D:5      | Entered Level 5 of the Dungeon
  5199 | D:5      | Noticed Pikel
  5239 | D:5      | Mangled by Pikel

Vault maps used:
D:1:      dpeg_arrival_shrine
D:2:      lemuel_crystal_altar, chequers_temple_overflow_statue_of_worship,
          first_ration
D:3:      minitemple, uniq_natasha
D:4:      lemuel_round_altar, elyvilon_altar_4, serial_shops, shop_fountains,
          kennysheep_generic_room_9
D:5:      temple_doors_cd, biasface_ghost_orc_armoury, uniq_pikel

Skill      XL: |  1  2  3  4  5  6 |
---------------+-------------------+-----
Conjurations   | 2 |  2.8
Invocations    | 1 2 |  2.5
Short Blades   | 1 2 |  2.3
Long Blades    | 1 2 |  2.3
Axes           | 1 2 |  2.3
Maces & Flails | 1 2 |  2.3
Polearms       | 1 2 |  2.3
Slings         | 1 2 |  2.3
Bows           | 1 2 |  2.3
Crossbows      | 1 2 |  2.3
Throwing       | 1 2 |  2.3
Armour         | 1 2 |  2.3
Shields        | 1 2 |  2.3
Unarmed Combat | 1 2 |  2.3
Spellcasting   | 1 2 |  2.3
Hexes          | 1 |  1.8
Charms         | 1 |  1.8
Summonings     | 1 |  1.8
Translocations | 1 |  1.8
Transmutations | 1 |  1.8
Fire Magic     | 1 |  1.8
Ice Magic      | 1 |  1.8
Air Magic      | 1 |  1.8
Earth Magic    | 1 |  1.8
Poison Magic   | 1 |  1.8
Staves         | 3 |  3.5
Dodging        | 3 |  3.5
Necromancy     | 4 |  4.2
Stealth        | 3 |  3.3
Fighting       | 5 |  5.1
Evocations     | 5 |  5.1

Action                   |  1- 3 |  4- 6 |  7- 9 || total
-------------------------+-------+-------+-------++-------
Melee: Quarterstaff      |    95 |   136 |    30 ||   261
       Bite              |     4 |    11 |     7 ||    22
       Flail             |       |       |    47 ||    47
 Fire: Hunting sling     |       |     2 |       ||     2
  Use: Potion            |       |     1 |     1 ||     2
       Scroll            |       |       |     8 ||     8
 Stab: Sleeping          |     4 |       |       ||     4
       Distracted        |     1 |       |       ||     1
  Eat: Chunk             |       |     9 |     1 ||    10
       Ration            |       |       |     1 ||     1
Armor: Robe              |    25 |       |       ||    25
       Leather armour    |     4 |     9 |       ||    13
       Scale mail        |       |    63 |    33 ||    96
Dodge: Dodged            |    80 |    83 |    37 ||   200

Table legend:
 A = Non-vault XP
 B = Vault XP
 C = Vault XP percentage of total XP
 D = Non-vault monster count
 E = Vault monster count
 F = Vault count percentage of total count
                 A         B        C        D         E       F
            +---------+---------+-------+---------+---------+-------
      Total |     706 |      37 |   5.0 |      85 |       1 |   1.2
            +---------+---------+-------+---------+---------+-------
        D:1 |      74 |       0 |   0.0 |      34 |       0 |   0.0
        D:2 |      55 |       0 |   0.0 |      17 |       0 |   0.0
        D:3 |     104 |      37 |  26.2 |      13 |       1 |   7.1
        D:4 |     428 |       0 |   0.0 |      18 |       0 |   0.0
        D:5 |      45 |       0 |   0.0 |       3 |       0 |   0.0
            +---------+---------+-------+---------+---------+-------
